 Dungeon Crawl Stone Soup version 0.25-a0-294-gea9b1ad378 (webtiles) character file.

Game seed: 14677293175198766652, levelgen mode: deterministic

2290 DerDa the Thaumaturge (level 9, -2/51 HPs)
             Began as an Octopode Wizard on Dec 18, 2019.
             Was an Initiate of Sif Muna.
             Slain by a hippogriff (3 damage)
             ... on level 6 of the Dungeon.
             The game lasted 00:31:50 (8931 turns).

DerDa the Thaumaturge (Octopode Wizard)             Turns: 8931, Time: 00:31:51

Health: -2/51      AC:  1    Str:  8 (11) XL:     9   Next: 40%
Magic:  7/21       EV: 13    Int: 20 (23) God:    Sif Muna [......]
Gold:   350        SH:  9    Dex:  8 (10) Spells: 10/25 levels left

rFire    . . .     SeeInvis .   a - +0 falchion
rCold    . . .     Gourm    .   y - +0 buckler
rNeg     . . .     Faith    .   F - +0 hat
rPois    .         Spirit   .   A - +5 amulet of reflection
rElec    .         Reflect  +   z - ring of wizardry (curse)
rCorr    .         Harm     .   D - +4 ring of strength
MR       .....                  H - ring of attention (curse)
Stlth    ++........             (no ring)
HPRegen  0.17/turn              (no ring)
MPRegen  0.17/turn              (no ring)
                                (no ring)
                                (no ring)

@: no status effects
A: almost no armour, stealthy swim, amphibious, 8 rings, constrict 8, camouflage
1, gelatinous body 1
a: Renounce Religion


You were on level 6 of the Dungeon.
You worshipped Sif Muna.
Sif Muna was noncommittal.
You were hungry.

You visited 2 branches of the dungeon, and saw 8 of its levels.

You collected 350 gold pieces.

Inventory:

Hand Weapons
 a - a +0 falchion (weapon)
 b - a +0 hunting sling
 g - a +0 spear
 K - the +10 glaive "Weogiaj" {chop, rC- rN++ MR+ Dex+3}
   (You took it off an orc on level 6 of the Dungeon)

   It inflicts extra damage upon your enemies.
   It affects your dexterity (+3).
   It makes you vulnerable to cold.
   It greatly protects you from negative energy.
   It affects your resistance to hostile enchantments.
Missiles
 d - 13 poisoned darts (quivered)
 j - 170 stones
 n - 83 sling bullets
 o - 41 bolts
 r - 50 arrows
Armour
 y - a +0 buckler (worn)
 F - a +0 hat (worn)
Jewellery
 z - a cursed ring of wizardry (left tentacle)
 A - a +5 amulet of reflection (around mantle)
 D - a +4 ring of strength (right tentacle)
 H - a cursed ring of attention (on tentacle)
Wands
 E - a wand of disintegration (23)
Scrolls
 e - 6 scrolls of remove curse {unknown}
 f - 2 scrolls of enchant armour {unknown}
 h - 6 scrolls of identify {unknown}
 k - 2 scrolls of fear {unknown}
 p - 3 scrolls of enchant weapon {unknown}
 q - 4 scrolls of fog {unknown}
 w - 5 scrolls of teleportation {unknown}
 C - 3 scrolls of blinking {unknown}
 G - 2 scrolls of noise {unknown}
 M - a scroll of torment {unknown}
Potions
 i - 2 potions of invisibility
 l - a potion of haste
 m - a potion of might {unknown}
 s - a potion of degeneration
 t - a potion of lignification
 u - a potion of mutation {unknown}
 x - a potion of flight {unknown}
 B - a potion of heal wounds {unknown}
 I - a potion of agility {unknown}
 L - 3 potions of berserk rage {unknown}
Comestibles
 c - 9 rations


   Skills:
 - Level 2.0 Dodging
 + Level 4.2 Stealth
 - Level 4.0 Shields
 * Level 8.6 Spellcasting
 + Level 6.1 Conjurations
 + Level 2.0 Hexes
   Level 1.0 Summonings
 - Level 1.0 Translocations
 + Level 2.2 Invocations


You had 10 spell levels left.
You knew the following spells:

 Your Spells              Type           Power        Failure   Level  Hunger
a - Magic Dart            Conj           ####         1%          1    None
b - Mephitic Cloud        Conj/Pois/Air  ###.....     4%          3    None
c - Conjure Flame         Conj/Fire      ###.....     2%          3    None
d - Tukima's Dance        Hex            ###.....     4%          3    None
e - Confuse               Hex            ###.....     4%          3    None
q - Blink                 Tloc           N/A          3%          2    None

Your spell library contained the following spells:

 Spells                   Type           Power        Failure   Level  Hunger
 Corona                   Hex            ###....      1%          1    None
 Dazzling Flash           Conj/Hex       ####..       1%          3    None
 Slow                     Hex            ###.....     2%          2    None
 Call Imp                 Summ           ##......     3%          2    None
 Ensorcelled Hibernation  Hex/Ice        ##....       3%          2    None


Dungeon Overview and Level Annotations

Branches:
Dungeon (7/15)             Temple (1/1) D:6

Altars:
Ashenzari
Cheibriados
Dithmenos
Elyvilon
Fedhas
Gozag
Hepliaklqana
Kikubaaqudgha
Makhleb
Nemelex Xobeh
Okawaru
Qazlal
Ru
Sif Muna
Trog
Uskayaw
Vehumet
Wu Jian
Xom
Yredelemnul
Zin
The Shining One

Annotations:
D:7 Prince Ribbit


Innate Abilities, Weirdness & Mutations

You cannot wear most types of armour.
You are very stealthy in the water. (Stealth+)
You are amphibious.
You can wear up to eight rings at the same time.
You can use your tentacles to constrict eight enemies at once.
Your skin changes colour to match your surroundings (Stealth+).
Your rubbery body absorbs attacks. (AC +1, EV +1)


Message History

Press: ? - help, Shift-Dir - straight line, f/p - hippogriff
Aim: a hippogriff (heavily wounded, confused)
The magic dart hits the hippogriff.
The hippogriff is heavily wounded.
You hit the hippogriff.
You squeeze the hippogriff, but do no damage.
The hippogriff is severely wounded.
The hippogriff seems less confused.
You block the hippogriff's attack. x2
The hippogriff claws you.
You hit the hippogriff.
The hippogriff is severely wounded.
The hippogriff bites you! The hippogriff pecks you!
* * * LOW HITPOINT WARNING * * *
The hippogriff closely misses you.
You closely miss the hippogriff.
The hippogriff is severely wounded.
The hippogriff bites you!
* * * LOW HITPOINT WARNING * * *
The hippogriff pecks you.
You die...

.........).#.###.##..#.....#..###
......##.....................##
....######..#.....#..........#
...## #......####...#######
...#### ##[.##........##
...##.####..###.##.#....###
#.......###.###....###....##
##.....).##.##...#...##....#
##.....###.....@.....#....#
##..<.........H.#...##....##
##...............#..........#
#..........>.............#..#
................##.....###.##
####....).......###....##...# #
##...........##...#...##.##
###.......>...####..#....#..#
.##.#.#....)#...##..####....#


You could see a hippogriff.

Vanquished Creatures
  Grinder (D:3)
  A hippogriff (D:6)
  A phantom (D:5)
  3 ice beasts
  4 sky beasts
  A centaur (D:5)
  3 ogres
  2 bullfrogs
  A scorpion (D:5)
  A crimson imp (D:5)
  A centaur zombie (D:5)
  2 bullfrog zombies
  A hound (D:6)
  An orc priest (D:5)
  A jelly (D:5)
  An orc wizard (D:5)
  A bullfrog skeleton (D:6)
  2 iguanas
  Terence (D:3)
  Ijyb (D:2)
  3 worker ants
  A hound zombie (D:5)
  A hound skeleton (D:6)
  8 adders
  2 shadow imps
  An ooze (D:3)
  2 adder skeletons (D:4)
  An adder zombie (D:5)
  2 worms
  3 dart slugs
  2 leopard geckos
  18 orcs
  3 giant cockroaches
  10 goblins
  11 hobgoblins
  6 jackals
  2 kobolds (D:2)
  A quokka (D:6)
  11 bats
  6 frilled lizards
  A giant cockroach zombie (D:6)
  2 quokka skeletons
  6 rats
133 creatures vanquished.

Notes
Turn   | Place    | Note
-------+----------+-------------------------------------------
     0 | D:1      | DerDa the Octopode Wizard began the quest for the Orb.
     0 | D:1      | Reached XP level 1. HP: 11/11 MP: 4/4
   458 | D:1      | Reached XP level 2. HP: 17/17 MP: 3/6
  1102 | D:2      | Reached XP level 3. HP: 21/21 MP: 0/8
  1461 | D:2      | Reached skill level 4 in Spellcasting
  1470 | D:2      | Learned a level 3 spell: Mephitic Cloud
  1474 | D:2      | Learned a level 3 spell: Conjure Flame
  1477 | D:2      | Learned a level 2 spell: Blink
  1529 | D:2      | Reached XP level 4. HP: 9/27 MP: 1/10
  2133 | D:2      | Found a radiant altar of Vehumet.
  2141 | D:2      | Noticed Ijyb
  2380 | D:2      | Killed Ijyb
  2382 | D:2      | Reached XP level 5. HP: 5/31 MP: 3/11
  2878 | D:3      | Noticed Grinder
  3357 | D:3      | Noticed Terence
  3375 | D:3      | Killed Terence
  3459 | D:3      | Killed Grinder
  3459 | D:3      | Reached skill level 5 in Spellcasting
  3459 | D:3      | Reached XP level 6. HP: 36/36 MP: 12/14
  3512 | D:3      | Found a shattered altar of Ashenzari.
  3514 | D:3      | Found a sacrificial altar of Ru.
  3536 | D:3      | Found an iron altar of Okawaru.
  4329 | D:4      | Found a glowing golden altar of the Shining One.
  4513 | D:4      | Reached XP level 7. HP: 19/41 MP: 11/15
  4700 | D:5      | Entered Level 5 of the Dungeon
  4716 | D:4      | Reached skill level 6 in Spellcasting
  5159 | D:5      | HP: 2/41 [something (5)]
  5198 | D:5      | Reached XP level 8. HP: 5/46 MP: 10/18
  5656 | D:5      | Reached skill level 7 in Spellcasting
  5845 | D:5      | Reached skill level 5 in Conjurations
  6183 | D:5      | Found a shadowy altar of Dithmenos.
  6486 | D:5      | Found a bloodstained altar of Trog.
  6667 | D:6      | Reached skill level 8 in Spellcasting
  6779 | D:6      | Found a staircase to the Ecumenical Temple.
  6796 | Temple   | Entered the Ecumenical Temple
  6820 | Temple   | Became a worshipper of Sif Muna the Loreminder
  7041 | D:6      | Learned a level 3 spell: Tukima's Dance
  7045 | D:6      | Learned a level 3 spell: Confuse
  7072 | D:6      | Reached XP level 9. HP: 41/51 MP: 14/21
  7129 | D:6      | Identified the +10 glaive "Weogiaj" {chop, rC- rN++ MR+
                  | Dex+3}
  7172 | D:6      | Reached skill level 1 in Invocations
  7279 | D:6      | Found a white marble altar of Elyvilon.
  7520 | D:6      | Reached skill level 1 in Hexes
  8620 | D:7      | HP: 2/51 [electric eel/bolt of electricity (9)]
  8636 | D:7      | Noticed Prince Ribbit
  8931 | D:6      | HP: 1/51 [hippogriff (10)]
  8931 | D:6      | Slain by a hippogriff

Levels and vault maps discovered:
D:1:      dpeg_arrival_castle, layout_loops_corners
D:2:      kennysheep_the_goblin_king, layout_loops_ring, vehumet_crystals
D:3:      layout_loops_cross, minitemple, uniq_grinder, uniq_terence
D:4:      layout_basic, tso_metal_star
D:5:      layout_basic, lightli_temple_of_fire, nicolae_dithmenos_the_darkroom,
          first_ration
D:6:      layout_cave_pools, elyvilon_altar_1, minmay_temple_entry_offerings
D:7:      kennysheep_slugbush, layout_rooms, uniq_harold, uniq_prince_ribbit1,
          uniq_joseph
Temple:   minmay_temple_curvy_branch

Skill      XL: |  1  2  3  4  5  6  7  8  9 |
---------------+----------------------------+-----
Conjurations   | 2 3 4 5 6 |  6.1
Spellcasting   | 4 5 6 8 |  8.6
Shields        | 2 3 4 |  4.0
Stealth        | 3 4 |  4.2
Invocations    | 2 |  2.2
Hexes          | 2 |  2.0
Dodging        | |  2.0
Summonings     | |  1.0
Translocations | |  1.0

Action                   |  1- 3 |  4- 6 |  7- 9 || total
-------------------------+-------+-------+-------++-------
Melee: Club              |    26 |       |       ||    26
       Unarmed           |     7 |       |       ||     7
       Constrict         |     7 |     6 |    12 ||    25
       Tentacles         |     4 |     8 |    20 ||    32
       Whip              |       |    30 |       ||    30
       Falchion          |       |     6 |    79 ||    85
 Cast: Magic Dart        |    74 |   119 |   226 ||   419
       Mephitic Cloud    |       |     5 |    23 ||    28
       Blink             |       |     2 |    13 ||    15
       Conjure Flame     |       |       |     8 ||     8
Evoke: Wand              |       |     3 |     3 ||     6
  Use: Potion            |       |     1 |     9 ||    10
 Stab: Sleeping          |     2 |       |       ||     2
       Invisible         |       |     2 |       ||     2
       Confused          |       |       |     3 ||     3
  Eat: Chunk             |     2 |     7 |     5 ||    14
       Ration            |       |     1 |     2 ||     3
Armor: Skin              |     6 |     5 |    51 ||    62
Dodge: Dodged            |    41 |    33 |    82 ||   156
Block: Buckler           |       |       |    45 ||    45
       Rpst.: Falchion   |       |       |    13 ||    13

Table legend:
 A = Non-vault XP
 B = Vault XP
 C = Vault XP percentage of total XP
 D = Non-vault monster count
 E = Vault monster count
 F = Vault count percentage of total count
                 A         B        C        D         E       F
            +---------+---------+-------+---------+---------+-------
      Total |    2904 |     368 |  11.2 |     122 |      11 |   8.3
            +---------+---------+-------+---------+---------+-------
        D:1 |      29 |       4 |  12.1 |      17 |       2 |  10.5
        D:2 |      91 |      43 |  32.1 |      23 |       5 |  17.9
        D:3 |      85 |     313 |  78.6 |      19 |       2 |   9.5
        D:4 |     266 |       0 |   0.0 |      13 |       0 |   0.0
        D:5 |    1152 |       0 |   0.0 |      24 |       0 |   0.0
        D:6 |     999 |       0 |   0.0 |      20 |       0 |   0.0
        D:7 |     282 |       8 |   2.8 |       6 |       2 |  25.0
            +---------+---------+-------+---------+---------+-------
